Sabres vs Bruins

Created - December-01-13 at 11:17

Goals
1 2 3 T
Sabres 0 0 2 2
Bruins 0 0 1 1
Shots
1 2 3 T
Sabres 9 15 12 36
Bruins 7 14 11 32

1st period

No Goal

Penalties :
Evander Kane (BUF) for Hooking (Minor) at 6:44, Tyler Myers (BUF) for Hooking (Minor) at 11:37, Dennis Seidenberg (BOS) for Slashing (Minor) at 16:54

2nd period

No Goal

Penalties :
Oliver Ekman-Larsson (BUF) for Tripping (Minor) at 0:33, Logan Couture (BOS) for Holding (Minor) at 6:36, Dennis Seidenberg (BOS) for Hooking (Minor) at 11:49, Dan Girardi (BUF) for Slashing (Minor) at 14:38, Brad Boyes (BOS) for High sticking (Minor) at 18:43

3rd period

1. Sabres , Evander Kane 14 (Johnny Oduya, Joel Ward) at 15:19
2. Bruins , Loui Eriksson 7 (Dennis Seidenberg, Logan Couture) at 16:29
3. Sabres , Joel Ward 9 (Evander Kane, Dan Girardi) at 17:14

Penalties :
Patrick Kaleta (BUF) for Roughing (Minor) at 1:33, Ondrej Pavelec (BUF) for Delaying the game (Minor) at 3:13 - Dan Girardi served the penalty., Evander Kane (BUF) for Hooking (Minor) at 18:28

Goalie Stats

Ondrej Pavelec (BUF), 31 saves from 32 shots - (0.969), W, 15-7-2, 60:00 minutes
Tuukka Rask (BOS), 34 saves from 36 shots - (0.944), L, 9-12-0, 59:06 minutes

Players Stats for Sabres

Player Name              G  A  P  +/- PIM S  H  SB GA TA FO     MP     PP MP  PK MP  
------------------------------------------------------------------------------------
Brad Stuart              0  0  0   0  0   0  2  2  0  0  0/0    15:50   0:00   5:51 
Dan Cleary               0  0  0   0  0   1  1  0  0  0  1/2    19:31   3:05   0:30 
Dan Girardi              0  1  1   1  2   3  2  2  0  0  0/0    26:52   5:12   5:33 
Evander Kane             1  1  2   1  4   6  6  1  0  0  2/2    22:55   4:29   6:36 
Grant Clitsome           0  0  0   0  0   0  3  0  0  0  0/0    13:18   2:44   0:35 
Jacob Josefson           0  0  0   0  0   1  0  0  0  0  1/3     3:31   0:00   0:00 
Joel Ward                1  1  2   1  0   3  1  0  0  0  1/3    14:57   3:05   0:00 
Johnny Oduya             0  1  1   0  0   1  0  3  0  0  0/0    20:18   0:00   7:27 
Matt Duchene             0  0  0   0  0   5  0  0  0  0  9/23   17:35   4:51   0:19 
Mike Fisher              0  0  0   1  0   2  2  1  0  0  20/42  23:35   3:05   8:38 
Oliver Ekman-Larsson     0  0  0   1  2   3  2  2  0  0  0/0    28:05   5:12   6:46 
Patrick Kaleta           0  0  0   0  2   1  0  0  0  0  0/1     3:30   0:00   0:00 
Paul Gaustad             0  0  0   0  0   2  0  0  0  0  6/16   15:16   0:00   4:06 
Ryan Johansen            0  0  0   0  0   5  0  0  0  0  1/2    13:40   0:22   2:08 
Thomas Vanek             0  0  0   0  0   1  0  0  0  0  0/1    17:16   4:51   0:00 
Tom Pyatt                0  0  0   0  0   0  0  0  0  0  0/0    14:46   0:00   3:36 
Tyler Myers              0  0  0   0  2   2  3  2  0  0  0/0    15:34   2:44   0:00 
Zack Kassian             0  0  0   0  0   0  0  0  0  0  0/0     0:00   0:00   0:00 

Players Stats for Bruins

Player Name              G  A  P  +/- PIM S  H  SB GA TA FO     MP     PP MP  PK MP  
------------------------------------------------------------------------------------
Brad Boyes               0  0  0  -2  2   3  1  0  0  0  3/4    19:01   5:48   0:00 
Brad Marchand            0  0  0  -2  0   3  0  0  0  0  0/0    19:02   5:48   0:00 
Braydon Coburn           0  0  0   0  0   0  2  3  0  0  0/0    10:04   0:36   0:00 
Chris Kelly              0  0  0   0  0   0  0  0  0  0  3/5     9:12   0:00   3:20 
Christian Ehrhoff        0  0  0  -1  0   1  0  2  0  0  0/0    23:09   5:53   3:00 
David Krejci             0  0  0   1  0   4  2  1  0  0  24/44  22:09   6:24   4:54 
Dennis Seidenberg        0  1  1  -1  4   1  6  1  0  0  0/0    16:08   0:00   1:54 
Dougie Hamilton          0  0  0   0  0   0  2  2  0  0  0/0    18:51   6:29   0:12 
Jakob Silfverberg        0  0  0   0  0   1  0  0  0  0  2/2     9:01   0:00   0:00 
Johnny Boychuk           0  0  0   0  0   0  1  2  0  0  0/0    14:19   0:00   4:51 
Logan Couture            0  1  1   1  2   4  1  0  0  0  1/1    17:32   6:42   0:00 
Loui Eriksson            1  0  1   1  0   3  1  0  0  0  0/0    16:43   0:00   0:00 
Mikael Backlund          0  0  0   0  0   0  2  0  0  0  5/8    14:29   0:36   4:52 
Milan Lucic              0  0  0   0  0   3  3  0  0  0  2/4    15:43   6:42   0:00 
Patrice Bergeron         0  0  0  -2  0   7  0  1  0  0  13/25  19:24   6:10   0:00 
Reilly Smith             0  0  0   0  0   0  1  0  0  0  1/2     9:46   1:08   2:46 
Torey Krug               0  0  0   0  0   0  0  0  0  0  0/0    10:52   6:37   1:11 
Zdeno Chara              0  0  0   0  0   2  6  2  0  0  0/0    26:35   6:37   4:44 

3 Stars

1 - Ondrej Pavelec (BUF)
2 - Joel Ward (BUF)
3 - Evander Kane (BUF)

Power Play

Sabres - 0 on 4 Attempt(s) - 0.00%
Bruins - 0 on 7 Attempt(s) - 0.00%

Penalty Kill

Sabres - 7 on 7 Attempt(s) - 100.00% - Score 0 goal in Penalty Kill
Bruins - 4 on 4 Attempt(s) - 100.00% - Score 0 goal in Penalty Kill

Official

Referees : Gord Dwyer and Dave Lewis
Linesman : Mark Wheler and Tony Sericolo

Game Notes

No Game Note

Finance

Level 1 -- Attendance: 4933 (75.89%) -- Ticket Income $542,630
Level 2 -- Attendance: 4519 (90.38%) -- Ticket Income $338,925
Level 3 -- Attendance: 3123 (89.23%) -- Ticket Income $174,888
Level 4 -- Attendance: 1565 (100.00%) -- Ticket Income $62,600
Luxury Box -- Attendance: 909 (90.90%) -- Ticket Income $180,891
Game was played at the TD Garden
Total Attendance: 15049 (85.68%)
Total Ticket Income: $1,299,934
Other Income: $194,990
Total Income: $1,494,924


% Time on Ice - Sabres

Lines # - Real PCT - Wanted PCT - Time Play
Normal Forward
1 - 32% - 42% - 12:25
2 - 30% - 32% - 11:52
3 - 29% - 21% - 11:10
4 - 9% - 5% - 3:31
Normal Defense
1 - 39% - 40% - 15:23
2 - 33% - 30% - 12:51
3 - 26% - 20% - 9:59
4 - 2% - 10% - 0:45
PP Forward
1 - 61% - 60% - 4:51
2 - 39% - 40% - 3:05
PP Defense
1 - 66% - 60% - 5:12
2 - 34% - 40% - 2:44
PK Forward
1 - 72% - 60% - 9:11
2 - 28% - 40% - 3:36
PK Defense
1 - 72% - 60% - 9:09
2 - 28% - 40% - 3:38
PK3 Forward
1 - 100% - 60% - 0:19
2 - 0% - 40% - 0:00
PK3 Defense
1 - 100% - 60% - 0:19
2 - 0% - 40% - 0:00
44 Forward
1 - 0% - 60%
2 - 0% - 40%
44 Defense
1 - 0% - 60%
2 - 0% - 40%
Last Minute Offensive  - 0:00
Last Minute Defensive  - 0:00
Total
Forward - 60:00
Defense - 60:00

% Time on Ice - Bruins

Lines # - Real PCT - Wanted PCT - Time Play
Normal Forward
1 - 28% - 40% - 10:51
2 - 34% - 30% - 13:14
3 - 23% - 20% - 9:01
4 - 15% - 10% - 5:52
Normal Defense
1 - 31% - 40% - 12:10
2 - 37% - 30% - 14:16
3 - 24% - 20% - 9:28
4 - 8% - 10% - 3:04
PP Forward
1 - 49% - 60% - 6:24
2 - 51% - 40% - 6:42
PP Defense
1 - 51% - 60% - 6:37
2 - 49% - 40% - 6:29
PK Forward
1 - 65% - 60% - 5:10
2 - 35% - 40% - 2:46
PK Defense
1 - 62% - 60% - 4:56
2 - 38% - 40% - 3:00
PK3 Forward
1 - 0% - 60%
2 - 0% - 40%
PK3 Defense
1 - 0% - 60%
2 - 0% - 40%
44 Forward
1 - 0% - 60%
2 - 0% - 40%
44 Defense
1 - 0% - 60%
2 - 0% - 40%
Last Minute Offensive  - 0:00
Last Minute Defensive  - 0:00
Total
Forward - 60:00
Defense - 60:00

Play by Play

1st period


0:01 of 1st period - Matt Duchene wins face-off versus David Krejci in neutral zone.
0:03 of 1st period - Dan Girardi is hit by Dougie Hamilton and loses puck.
0:16 of 1st period - Shot by Logan Couture.
0:16 of 1st period - Shot Blocked by Oliver Ekman-Larsson.
0:43 of 1st period - Icing by Dan Girardi.
0:44 of 1st period - Patrice Bergeron wins face-off versus Thomas Vanek in Sabres zone.
1:10 of 1st period - Shot by Patrice Bergeron.
1:10 of 1st period - Shot Blocked by Tyler Myers.
1:52 of 1st period - Shot by Jakob Silfverberg.
1:52 of 1st period - Shot Misses the Net.
1:54 of 1st period - Shot by Braydon Coburn.
1:54 of 1st period - Shot Misses the Net.
1:56 of 1st period - Shot by Jakob Silfverberg.
1:56 of 1st period - Stopped by Ondrej Pavelec without a rebound.
1:57 of 1st period - Chris Kelly wins face-off versus Paul Gaustad in Sabres zone.
2:56 of 1st period - Shot by Milan Lucic.
2:56 of 1st period - Stopped by Ondrej Pavelec without a rebound.
2:57 of 1st period - Patrice Bergeron wins face-off versus Matt Duchene in Sabres zone.
2:57 of 1st period - Patrice Bergeron is hit by Dan Girardi.
3:31 of 1st period - Thomas Vanek is hit by Dennis Seidenberg and loses puck.
3:41 of 1st period - Icing by Dennis Seidenberg.
3:42 of 1st period - Patrice Bergeron wins face-off versus Mike Fisher in Bruins zone.
3:42 of 1st period - Patrice Bergeron is hit by Evander Kane.
3:45 of 1st period - Icing by Brad Boyes.
3:46 of 1st period - Mike Fisher wins face-off versus Patrice Bergeron in Bruins zone.
3:50 of 1st period - Evander Kane is hit by Dennis Seidenberg.
4:27 of 1st period - Mike Fisher is hit by Dennis Seidenberg and loses puck.
4:30 of 1st period - Shot by Mike Fisher.
4:30 of 1st period - Stopped by Tuukka Rask without a rebound.
4:31 of 1st period - Dan Cleary wins face-off versus David Krejci in Bruins zone.
4:31 of 1st period - Dan Cleary is hit by Zdeno Chara.
5:14 of 1st period - Jacob Josefson is hit by Zdeno Chara and loses puck.
5:55 of 1st period - Shot by Tom Pyatt.
5:55 of 1st period - Shot Misses the Net.
5:57 of 1st period - Shot by Brad Stuart.
5:57 of 1st period - Shot Misses the Net.
5:59 of 1st period - Shot by Ryan Johansen.
5:59 of 1st period - Shot Misses the Net.
6:12 of 1st period - Milan Lucic is hit by Tyler Myers and loses puck.
6:17 of 1st period - Shot by Jakob Silfverberg.
6:17 of 1st period - Shot Misses the Net.
6:19 of 1st period - Shot by Jakob Silfverberg.
6:19 of 1st period - Shot Blocked by Johnny Oduya.
6:44 of 1st period - Minor Penalty to Evander Kane for Hooking.
6:45 of 1st period - Mike Fisher wins face-off versus David Krejci in Sabres zone.
7:04 of 1st period - Oliver Ekman-Larsson is hit by David Krejci and loses puck.
7:45 of 1st period - Icing by Logan Couture.
7:46 of 1st period - Mike Fisher wins face-off versus Patrice Bergeron in Bruins zone.
7:53 of 1st period - Shot by Dougie Hamilton.
7:53 of 1st period - Deflect By Milan Lucic.
7:53 of 1st period - Stopped by Ondrej Pavelec with a rebound.
7:55 of 1st period - Shot by Logan Couture.
7:55 of 1st period - Stopped by Ondrej Pavelec without a rebound.
7:56 of 1st period - Milan Lucic wins face-off versus Mike Fisher in Sabres zone.
9:48 of 1st period - Shot by Patrice Bergeron.
9:48 of 1st period - Shot Blocked by Dan Girardi.
10:05 of 1st period - Evander Kane is hit by Zdeno Chara.
10:10 of 1st period - Brad Boyes is hit by Evander Kane and loses puck.
10:23 of 1st period - Shot by Evander Kane.
10:23 of 1st period - Stopped by Tuukka Rask with a rebound.
11:13 of 1st period - Ryan Johansen is hit by Dennis Seidenberg and loses puck.
11:18 of 1st period - Shot by Tom Pyatt.
11:18 of 1st period - Deflect By Ryan Johansen.
11:18 of 1st period - Shot Misses the Net.
11:37 of 1st period - Minor Penalty to Tyler Myers for Hooking.
11:38 of 1st period - Mike Fisher wins face-off versus Reilly Smith in Sabres zone.
11:53 of 1st period - Shot by Christian Ehrhoff.
11:53 of 1st period - Stopped by Ondrej Pavelec without a rebound.
11:54 of 1st period - Mike Fisher wins face-off versus David Krejci in Sabres zone.
12:19 of 1st period - Shot by Christian Ehrhoff.
12:19 of 1st period - Shot Misses the Net.
12:21 of 1st period - Shot by Dougie Hamilton.
12:21 of 1st period - Shot Blocked by Johnny Oduya.
12:23 of 1st period - Shot by Brad Boyes.
12:23 of 1st period - Stopped by Ondrej Pavelec with a rebound.
13:07 of 1st period - Icing by David Krejci.
13:08 of 1st period - Mike Fisher wins face-off versus David Krejci in Bruins zone.
13:51 of 1st period - Matt Duchene is hit by Reilly Smith and loses puck.
14:01 of 1st period - Chris Kelly is hit by Grant Clitsome and loses puck.
14:23 of 1st period - Dennis Seidenberg is hit by Grant Clitsome and loses puck.
14:50 of 1st period - Icing by Braydon Coburn.
14:51 of 1st period - Paul Gaustad wins face-off versus Mikael Backlund in Bruins zone.
14:54 of 1st period - Shot by Ryan Johansen.
14:54 of 1st period - Stopped by Tuukka Rask without a rebound.
14:55 of 1st period - Patrice Bergeron wins face-off versus Paul Gaustad in Bruins zone.
15:10 of 1st period - Shot by Patrice Bergeron.
15:10 of 1st period - Stopped by Ondrej Pavelec without a rebound.
15:11 of 1st period - David Krejci wins face-off versus Mike Fisher in Sabres zone.
15:14 of 1st period - Shot by Loui Eriksson.
15:14 of 1st period - Shot Blocked by Tyler Myers.
15:36 of 1st period - Shot by Tyler Myers.
15:36 of 1st period - Shot Blocked by Braydon Coburn.
15:38 of 1st period - Shot by Johnny Oduya.
15:38 of 1st period - Stopped by Tuukka Rask without a rebound.
15:39 of 1st period - Jakob Silfverberg wins face-off versus Paul Gaustad in Bruins zone.
16:10 of 1st period - Shot by Tom Pyatt.
16:10 of 1st period - Deflect By Ryan Johansen.
16:10 of 1st period - Stopped by Tuukka Rask without a rebound.
16:11 of 1st period - David Krejci wins face-off versus Matt Duchene in Bruins zone.
16:53 of 1st period - Thomas Vanek is hit by Dennis Seidenberg and loses puck.
16:54 of 1st period - Minor Penalty to Dennis Seidenberg for Slashing.
16:55 of 1st period - Mike Fisher wins face-off versus David Krejci in Bruins zone.
17:48 of 1st period - Johnny Boychuk is hit by Evander Kane and loses puck.
18:02 of 1st period - Shot by Matt Duchene.
18:02 of 1st period - Stopped by Tuukka Rask without a rebound.
18:03 of 1st period - Mikael Backlund wins face-off versus Matt Duchene in Bruins zone.
18:26 of 1st period - Shot by Evander Kane.
18:26 of 1st period - Shot Blocked by David Krejci.
18:28 of 1st period - Shot by Oliver Ekman-Larsson.
18:28 of 1st period - Stopped by Tuukka Rask without a rebound.
18:29 of 1st period - Chris Kelly wins face-off versus Mike Fisher in Bruins zone.
19:08 of 1st period - Shot by Brad Stuart.
19:08 of 1st period - Shot Misses the Net.
19:20 of 1st period - Shot by Ryan Johansen.
19:20 of 1st period - Stopped by Tuukka Rask without a rebound.
19:21 of 1st period - Mike Fisher wins face-off versus Chris Kelly in Bruins zone.
19:28 of 1st period - Shot by Evander Kane.
19:28 of 1st period - Stopped by Tuukka Rask without a rebound.
19:29 of 1st period - David Krejci wins face-off versus Mike Fisher in Bruins zone.
19:33 of 1st period - Icing by Dennis Seidenberg.
19:34 of 1st period - David Krejci wins face-off versus Mike Fisher in Bruins zone.
19:50 of 1st period - Logan Couture is hit by Dan Girardi.
19:53 of 1st period - Icing by Oliver Ekman-Larsson.
19:54 of 1st period - Patrice Bergeron wins face-off versus Joel Ward in Sabres zone.
Goals for this period are 0 for Sabres vs 0 for Bruins.
Shots for this period are 9 for Sabres vs 7 for Bruins.

2nd period


0:01 of 2nd period - Matt Duchene wins face-off versus David Krejci in neutral zone.
0:18 of 2nd period - Shot by Matt Duchene.
0:18 of 2nd period - Stopped by Tuukka Rask without a rebound.
0:19 of 2nd period - Mike Fisher wins face-off versus Patrice Bergeron in Bruins zone.
0:30 of 2nd period - Shot by Brad Marchand.
0:30 of 2nd period - Stopped by Ondrej Pavelec without a rebound.
0:31 of 2nd period - David Krejci wins face-off versus Matt Duchene in Sabres zone.
0:33 of 2nd period - Minor Penalty to Oliver Ekman-Larsson for Tripping.
0:34 of 2nd period - Mike Fisher wins face-off versus David Krejci in Sabres zone.
0:39 of 2nd period - Zdeno Chara is hit by Evander Kane and loses puck.
1:04 of 2nd period - Shot by Brad Marchand.
1:04 of 2nd period - Shot Misses the Net.
1:06 of 2nd period - Shot by Zdeno Chara.
1:06 of 2nd period - Shot Misses the Net.
1:08 of 2nd period - Shot by Zdeno Chara.
1:08 of 2nd period - Shot Blocked by Evander Kane.
1:17 of 2nd period - Icing by David Krejci.
1:18 of 2nd period - Paul Gaustad wins face-off versus David Krejci in Bruins zone.
1:49 of 2nd period - Shot by Logan Couture.
1:49 of 2nd period - Shot Blocked by Brad Stuart.
1:51 of 2nd period - Shot by Patrice Bergeron.
1:51 of 2nd period - Stopped by Ondrej Pavelec without a rebound.
1:52 of 2nd period - Milan Lucic wins face-off versus Mike Fisher in Sabres zone.
2:24 of 2nd period - Logan Couture is hit by Brad Stuart and loses puck.
3:55 of 2nd period - Shot by Patrice Bergeron.
3:55 of 2nd period - Shot Misses the Net.
3:57 of 2nd period - Shot by Patrice Bergeron.
3:57 of 2nd period - Shot Misses the Net.
4:20 of 2nd period - Shot by Milan Lucic.
4:20 of 2nd period - Shot Misses the Net.
4:22 of 2nd period - Shot by Dennis Seidenberg.
4:22 of 2nd period - Stopped by Ondrej Pavelec without a rebound.
4:23 of 2nd period - Joel Ward wins face-off versus David Krejci in Sabres zone.
4:39 of 2nd period - Shot by David Krejci.
4:39 of 2nd period - Stopped by Ondrej Pavelec without a rebound.
4:40 of 2nd period - Mikael Backlund wins face-off versus Paul Gaustad in Sabres zone.
4:46 of 2nd period - Off-side.
4:47 of 2nd period - David Krejci wins face-off versus Mike Fisher in neutral zone.
5:00 of 2nd period - Shot by Logan Couture.
5:00 of 2nd period - Stopped by Ondrej Pavelec without a rebound.
5:01 of 2nd period - Patrice Bergeron wins face-off versus Paul Gaustad in Sabres zone.
5:22 of 2nd period - Off-side.
5:23 of 2nd period - David Krejci wins face-off versus Mike Fisher in neutral zone.
5:28 of 2nd period - Icing by Evander Kane.
5:29 of 2nd period - Mike Fisher wins face-off versus David Krejci in Sabres zone.
5:45 of 2nd period - Icing by Joel Ward.
5:46 of 2nd period - Jakob Silfverberg wins face-off versus Mike Fisher in Sabres zone.
6:36 of 2nd period - Minor Penalty to Logan Couture for Holding.
6:37 of 2nd period - David Krejci wins face-off versus Matt Duchene in Bruins zone.
6:52 of 2nd period - Shot by Oliver Ekman-Larsson.
6:52 of 2nd period - Stopped by Tuukka Rask with a rebound.
6:54 of 2nd period - Shot by Ryan Johansen.
6:54 of 2nd period - Stopped by Tuukka Rask with a rebound.
6:56 of 2nd period - Shot by Dan Girardi.
6:56 of 2nd period - Shot Blocked by Johnny Boychuk.
6:58 of 2nd period - Shot by Dan Girardi.
6:58 of 2nd period - Stopped by Tuukka Rask without a rebound.
6:59 of 2nd period - David Krejci wins face-off versus Matt Duchene in Bruins zone.
6:59 of 2nd period - David Krejci is hit by Evander Kane.
7:14 of 2nd period - Icing by Evander Kane.
7:15 of 2nd period - Matt Duchene wins face-off versus David Krejci in Sabres zone.
7:15 of 2nd period - Matt Duchene is hit by Mikael Backlund.
8:15 of 2nd period - Shot by Tyler Myers.
8:15 of 2nd period - Shot Misses the Net.
8:58 of 2nd period - Off-side.
8:59 of 2nd period - David Krejci wins face-off versus Patrick Kaleta in neutral zone.
9:02 of 2nd period - Johnny Oduya is hit by Loui Eriksson.
9:03 of 2nd period - Icing by Johnny Oduya.
9:04 of 2nd period - David Krejci wins face-off versus Jacob Josefson in Sabres zone.
9:04 of 2nd period - Dougie Hamilton is hit by Tyler Myers and loses puck.
9:11 of 2nd period - Shot by Jacob Josefson.
9:11 of 2nd period - Shot Blocked by Dougie Hamilton.
9:13 of 2nd period - Shot by Dan Cleary.
9:13 of 2nd period - Deflect By Patrick Kaleta.
9:13 of 2nd period - Stopped by Tuukka Rask without a rebound.
9:14 of 2nd period - David Krejci wins face-off versus Mike Fisher in Bruins zone.
9:25 of 2nd period - Shot by Evander Kane.
9:25 of 2nd period - Stopped by Tuukka Rask without a rebound.
9:26 of 2nd period - Ryan Johansen wins face-off versus Patrice Bergeron in Bruins zone.
9:43 of 2nd period - Shot by Brad Marchand.
9:43 of 2nd period - Shot Misses the Net.
9:57 of 2nd period - Shot by Brad Boyes.
9:57 of 2nd period - Stopped by Ondrej Pavelec with a rebound.
9:59 of 2nd period - Shot by Patrice Bergeron.
9:59 of 2nd period - Stopped by Ondrej Pavelec without a rebound.
10:00 of 2nd period - Matt Duchene wins face-off versus David Krejci in Sabres zone.
10:04 of 2nd period - Johnny Oduya is hit by Zdeno Chara and loses puck.
10:18 of 2nd period - Icing by Zdeno Chara.
10:19 of 2nd period - David Krejci wins face-off versus Mike Fisher in Bruins zone.
10:21 of 2nd period - Logan Couture is hit by Evander Kane and loses puck.
10:25 of 2nd period - Zdeno Chara is hit by Grant Clitsome and loses puck.
10:39 of 2nd period - Logan Couture is hit by Brad Stuart and loses puck.
10:46 of 2nd period - Shot by Loui Eriksson.
10:46 of 2nd period - Shot Blocked by Mike Fisher.
11:49 of 2nd period - Minor Penalty to Dennis Seidenberg for Hooking.
11:50 of 2nd period - Matt Duchene wins face-off versus David Krejci in Bruins zone.
11:55 of 2nd period - Shot by Evander Kane.
11:55 of 2nd period - Shot Misses the Net.
11:57 of 2nd period - Shot by Matt Duchene.
11:57 of 2nd period - Shot Misses the Net.
11:59 of 2nd period - Shot by Tyler Myers.
11:59 of 2nd period - Stopped by Tuukka Rask without a rebound.
12:00 of 2nd period - David Krejci wins face-off versus Mike Fisher in Bruins zone.
12:05 of 2nd period - Johnny Boychuk is hit by Mike Fisher and loses puck.
12:14 of 2nd period - Shot by Dan Girardi.
12:14 of 2nd period - Stopped by Tuukka Rask without a rebound.
12:15 of 2nd period - David Krejci wins face-off versus Matt Duchene in Bruins zone.
12:29 of 2nd period - Off-side.
12:30 of 2nd period - David Krejci wins face-off versus Mike Fisher in neutral zone.
12:30 of 2nd period - David Krejci is hit by Joel Ward.
13:02 of 2nd period - Shot by Tyler Myers.
13:02 of 2nd period - Stopped by Tuukka Rask with a rebound.
13:04 of 2nd period - Shot by Dan Cleary.
13:04 of 2nd period - Stopped by Tuukka Rask with a rebound.
13:06 of 2nd period - Shot by Tyler Myers.
13:06 of 2nd period - Shot Misses the Net.
13:08 of 2nd period - Shot by Grant Clitsome.
13:08 of 2nd period - Shot Blocked by Zdeno Chara.
13:10 of 2nd period - Shot by Mike Fisher.
13:10 of 2nd period - Shot Blocked by Zdeno Chara.
13:26 of 2nd period - Shot by Oliver Ekman-Larsson.
13:26 of 2nd period - Shot Blocked by Dougie Hamilton.
13:28 of 2nd period - Shot by Oliver Ekman-Larsson.
13:28 of 2nd period - Stopped by Tuukka Rask with a rebound.
13:30 of 2nd period - Shot by Evander Kane.
13:30 of 2nd period - Shot Misses the Net.
13:32 of 2nd period - Shot by Dan Girardi.
13:32 of 2nd period - Stopped by Tuukka Rask without a rebound.
13:33 of 2nd period - Chris Kelly wins face-off versus Matt Duchene in Bruins zone.
14:01 of 2nd period - Shot by Patrice Bergeron.
14:01 of 2nd period - Stopped by Ondrej Pavelec without a rebound.
14:02 of 2nd period - Jacob Josefson wins face-off versus Brad Boyes in Sabres zone.
14:13 of 2nd period - Shot by Dan Cleary.
14:13 of 2nd period - Shot Misses the Net.
14:34 of 2nd period - Patrice Bergeron is hit by Oliver Ekman-Larsson and loses puck.
14:38 of 2nd period - Minor Penalty to Dan Girardi for Slashing.
14:39 of 2nd period - Evander Kane wins face-off versus Patrice Bergeron in Sabres zone.
14:45 of 2nd period - Icing by Logan Couture.
14:46 of 2nd period - Mike Fisher wins face-off versus Patrice Bergeron in Bruins zone.
14:49 of 2nd period - Shot by Evander Kane.
14:49 of 2nd period - Shot Blocked by Patrice Bergeron.
14:51 of 2nd period - Shot by Brad Stuart.
14:51 of 2nd period - Shot Misses the Net.
14:53 of 2nd period - Shot by Mike Fisher.
14:53 of 2nd period - Stopped by Tuukka Rask without a rebound.
14:54 of 2nd period - David Krejci wins face-off versus Mike Fisher in Bruins zone.
15:03 of 2nd period - Shot by Brad Marchand.
15:03 of 2nd period - Stopped by Ondrej Pavelec without a rebound.
15:04 of 2nd period - Mike Fisher wins face-off versus David Krejci in Sabres zone.
15:57 of 2nd period - Shot by Christian Ehrhoff.
15:57 of 2nd period - Shot Misses the Net.
15:59 of 2nd period - Shot by Christian Ehrhoff.
15:59 of 2nd period - Shot Blocked by Oliver Ekman-Larsson.
16:04 of 2nd period - Shot by Logan Couture.
16:04 of 2nd period - Stopped by Ondrej Pavelec without a rebound.
16:05 of 2nd period - Patrice Bergeron wins face-off versus Paul Gaustad in Sabres zone.
16:08 of 2nd period - Shot by Patrice Bergeron.
16:08 of 2nd period - Stopped by Ondrej Pavelec without a rebound.
16:09 of 2nd period - Logan Couture wins face-off versus Paul Gaustad in Sabres zone.
16:10 of 2nd period - Shot by Patrice Bergeron.
16:10 of 2nd period - Stopped by Ondrej Pavelec without a rebound.
16:11 of 2nd period - Paul Gaustad wins face-off versus Milan Lucic in Sabres zone.
16:19 of 2nd period - Icing by Milan Lucic.
16:20 of 2nd period - Mike Fisher wins face-off versus Patrice Bergeron in Bruins zone.
16:55 of 2nd period - Shot by Matt Duchene.
16:55 of 2nd period - Stopped by Tuukka Rask with a rebound.
16:57 of 2nd period - Shot by Dan Girardi.
16:57 of 2nd period - Shot Blocked by Braydon Coburn.
17:03 of 2nd period - Shot by Thomas Vanek.
17:03 of 2nd period - Shot Blocked by Braydon Coburn.
17:10 of 2nd period - Matt Duchene is hit by Braydon Coburn and loses puck.
17:15 of 2nd period - Shot by Matt Duchene.
17:15 of 2nd period - Stopped by Tuukka Rask without a rebound.
17:16 of 2nd period - Mikael Backlund wins face-off versus Ryan Johansen in Bruins zone.
18:16 of 2nd period - Shot by Logan Couture.
18:16 of 2nd period - Shot Misses the Net.
18:34 of 2nd period - Shot by David Krejci.
18:34 of 2nd period - Stopped by Ondrej Pavelec with a rebound.
18:36 of 2nd period - Shot by Christian Ehrhoff.
18:36 of 2nd period - Shot Blocked by Brad Stuart.
18:38 of 2nd period - Shot by David Krejci.
18:38 of 2nd period - Stopped by Ondrej Pavelec without a rebound.
18:39 of 2nd period - Patrice Bergeron wins face-off versus Matt Duchene in Sabres zone.
18:42 of 2nd period - Shot by Brad Boyes.
18:42 of 2nd period - Shot Misses the Net.
18:43 of 2nd period - Minor Penalty to Brad Boyes for High sticking.
18:44 of 2nd period - David Krejci wins face-off versus Matt Duchene in Bruins zone.
19:05 of 2nd period - Shot by Oliver Ekman-Larsson.
19:05 of 2nd period - Shot Misses the Net.
19:07 of 2nd period - Shot by Matt Duchene.
19:07 of 2nd period - Deflect By Thomas Vanek.
19:07 of 2nd period - Shot Blocked by Johnny Boychuk.
19:09 of 2nd period - Shot by Dan Girardi.
19:09 of 2nd period - Shot Misses the Net.
19:11 of 2nd period - Shot by Oliver Ekman-Larsson.
19:11 of 2nd period - Shot Misses the Net.
19:13 of 2nd period - Shot by Thomas Vanek.
19:13 of 2nd period - Shot Misses the Net.
Goals for this period are 0 for Sabres vs 0 for Bruins.
Shots for this period are 15 for Sabres vs 14 for Bruins.

3rd period


0:01 of 3rd period - Matt Duchene wins face-off versus David Krejci in neutral zone.
0:53 of 3rd period - Tom Pyatt is hit by Brad Boyes and loses puck.
1:27 of 3rd period - Ryan Johansen is hit by Johnny Boychuk and loses puck.
1:33 of 3rd period - Minor Penalty to Patrick Kaleta for Roughing.
1:34 of 3rd period - Evander Kane wins face-off versus Patrice Bergeron in Sabres zone.
1:43 of 3rd period - Shot by Zdeno Chara.
1:43 of 3rd period - Stopped by Ondrej Pavelec without a rebound.
1:44 of 3rd period - Patrice Bergeron wins face-off versus Mike Fisher in Sabres zone.
1:45 of 3rd period - Shot by Zdeno Chara.
1:45 of 3rd period - Shot Misses the Net.
2:16 of 3rd period - Icing by Logan Couture.
2:17 of 3rd period - Paul Gaustad wins face-off versus Patrice Bergeron in Bruins zone.
2:20 of 3rd period - Shot by Oliver Ekman-Larsson.
2:20 of 3rd period - Shot Misses the Net.
2:53 of 3rd period - Icing by Dougie Hamilton.
2:54 of 3rd period - Mike Fisher wins face-off versus David Krejci in Bruins zone.
3:13 of 3rd period - Shot by David Krejci.
3:13 of 3rd period - Stopped by Ondrej Pavelec without a rebound.
3:13 of 3rd period - Minor Penalty to Ondrej Pavelec for Delaying the game.
3:14 of 3rd period - David Krejci wins face-off versus Matt Duchene in Sabres zone.
4:16 of 3rd period - Shot by Zdeno Chara.
4:16 of 3rd period - Shot Misses the Net.
4:26 of 3rd period - Shot by Zdeno Chara.
4:26 of 3rd period - Stopped by Ondrej Pavelec with a rebound.
4:52 of 3rd period - Shot by Christian Ehrhoff.
4:52 of 3rd period - Shot Misses the Net.
4:54 of 3rd period - Shot by Brad Marchand.
4:54 of 3rd period - Shot Misses the Net.
4:56 of 3rd period - Shot by Brad Marchand.
4:56 of 3rd period - Stopped by Ondrej Pavelec without a rebound.
4:57 of 3rd period - Reilly Smith wins face-off versus Paul Gaustad in Sabres zone.
5:34 of 3rd period - Shot by Matt Duchene.
5:34 of 3rd period - Shot Misses the Net.
5:59 of 3rd period - Off-side.
6:00 of 3rd period - Paul Gaustad wins face-off versus Mikael Backlund in neutral zone.
6:07 of 3rd period - Shot by Tom Pyatt.
6:07 of 3rd period - Shot Blocked by Christian Ehrhoff.
6:11 of 3rd period - Shot by Paul Gaustad.
6:11 of 3rd period - Stopped by Tuukka Rask with a rebound.
6:13 of 3rd period - Shot by Tom Pyatt.
6:13 of 3rd period - Shot Misses the Net.
6:15 of 3rd period - Shot by Ryan Johansen.
6:15 of 3rd period - Shot Blocked by Christian Ehrhoff.
6:17 of 3rd period - Shot by Paul Gaustad.
6:17 of 3rd period - Stopped by Tuukka Rask without a rebound.
6:18 of 3rd period - Patrice Bergeron wins face-off versus Joel Ward in Bruins zone.
6:27 of 3rd period - Shot by Patrice Bergeron.
6:27 of 3rd period - Shot Misses the Net.
6:29 of 3rd period - Shot by Patrice Bergeron.
6:29 of 3rd period - Shot Misses the Net.
6:40 of 3rd period - Icing by Johnny Oduya.
6:41 of 3rd period - Mike Fisher wins face-off versus David Krejci in Sabres zone.
6:54 of 3rd period - Christian Ehrhoff is hit by Tyler Myers and loses puck.
7:34 of 3rd period - Icing by Tyler Myers.
7:35 of 3rd period - Mike Fisher wins face-off versus Milan Lucic in Sabres zone.
7:35 of 3rd period - Mike Fisher is hit by Milan Lucic.
8:49 of 3rd period - Ryan Johansen is hit by Dougie Hamilton and loses puck.
9:07 of 3rd period - Ryan Johansen is hit by Zdeno Chara and loses puck.
9:19 of 3rd period - Tom Pyatt is hit by Zdeno Chara and loses puck.
9:30 of 3rd period - Oliver Ekman-Larsson is hit by Mikael Backlund and loses puck.
9:43 of 3rd period - Shot by Jacob Josefson.
9:43 of 3rd period - Shot Misses the Net.
10:16 of 3rd period - Shot by Logan Couture.
10:16 of 3rd period - Deflect By Loui Eriksson.
10:16 of 3rd period - Stopped by Ondrej Pavelec with a rebound.
10:28 of 3rd period - Jacob Josefson is hit by David Krejci and loses puck.
11:13 of 3rd period - Shot by Evander Kane.
11:13 of 3rd period - Stopped by Tuukka Rask without a rebound.
11:14 of 3rd period - Paul Gaustad wins face-off versus Chris Kelly in Bruins zone.
11:43 of 3rd period - Shot by Ryan Johansen.
11:43 of 3rd period - Stopped by Tuukka Rask with a rebound.
11:45 of 3rd period - Shot by Grant Clitsome.
11:45 of 3rd period - Shot Misses the Net.
12:23 of 3rd period - Tyler Myers is hit by Braydon Coburn and loses puck.
12:26 of 3rd period - Shot by Mike Fisher.
12:26 of 3rd period - Deflect By Joel Ward.
12:26 of 3rd period - Stopped by Tuukka Rask without a rebound.
12:27 of 3rd period - Patrice Bergeron wins face-off versus Matt Duchene in Bruins zone.
12:27 of 3rd period - Patrice Bergeron is hit by Dan Cleary.
12:30 of 3rd period - Icing by Brad Marchand.
12:31 of 3rd period - Patrice Bergeron wins face-off versus Mike Fisher in Bruins zone.
13:04 of 3rd period - Shot by Evander Kane.
13:04 of 3rd period - Shot Misses the Net.
13:06 of 3rd period - Shot by Evander Kane.
13:06 of 3rd period - Stopped by Tuukka Rask without a rebound.
13:07 of 3rd period - Mikael Backlund wins face-off versus Paul Gaustad in Bruins zone.
14:21 of 3rd period - Brad Stuart is hit by Logan Couture and loses puck.
14:43 of 3rd period - Off-side.
14:44 of 3rd period - Mike Fisher wins face-off versus Patrice Bergeron in neutral zone.
15:14 of 3rd period - Joel Ward is hit by Dennis Seidenberg and loses puck.
15:19 of 3rd period - Shot by Evander Kane.
15:19 of 3rd period - Goal by Evander Kane - Sabres : 1 - Bruins : 0.
15:20 of 3rd period - Matt Duchene wins face-off versus Mikael Backlund in neutral zone.
15:36 of 3rd period - Icing by Zdeno Chara.
15:37 of 3rd period - Mikael Backlund wins face-off versus Jacob Josefson in Bruins zone.
15:42 of 3rd period - Patrick Kaleta is hit by Milan Lucic.
16:06 of 3rd period - Shot by Jacob Josefson.
16:06 of 3rd period - Stopped by Tuukka Rask without a rebound.
16:07 of 3rd period - David Krejci wins face-off versus Mike Fisher in Bruins zone.
16:25 of 3rd period - Shot by Logan Couture.
16:25 of 3rd period - Shot Misses the Net.
16:27 of 3rd period - Shot by Dennis Seidenberg.
16:27 of 3rd period - Shot Misses the Net.
16:29 of 3rd period - Shot by Loui Eriksson.
16:29 of 3rd period - Goal by Loui Eriksson - Sabres : 1 - Bruins : 1.
16:30 of 3rd period - Brad Boyes wins face-off versus Paul Gaustad in neutral zone.
16:32 of 3rd period - Braydon Coburn is hit by Oliver Ekman-Larsson.
16:42 of 3rd period - Shot by Brad Boyes.
16:42 of 3rd period - Stopped by Ondrej Pavelec without a rebound.
16:43 of 3rd period - David Krejci wins face-off versus Matt Duchene in Sabres zone.
16:58 of 3rd period - Shot by Logan Couture.
16:58 of 3rd period - Shot Blocked by Johnny Oduya.
17:00 of 3rd period - Shot by Loui Eriksson.
17:00 of 3rd period - Stopped by Ondrej Pavelec without a rebound.
17:01 of 3rd period - Mike Fisher wins face-off versus Patrice Bergeron in Sabres zone.
17:12 of 3rd period - Shot by Evander Kane.
17:12 of 3rd period - Shot Hit the Post.
17:14 of 3rd period - Shot by Joel Ward.
17:14 of 3rd period - Goal by Joel Ward - Sabres : 2 - Bruins : 1.
17:15 of 3rd period - Matt Duchene wins face-off versus David Krejci in neutral zone.
17:22 of 3rd period - Shot by Johnny Oduya.
17:22 of 3rd period - Shot Hit the Post.
17:24 of 3rd period - Shot by Matt Duchene.
17:24 of 3rd period - Shot Hit the Post.
17:26 of 3rd period - Shot by Matt Duchene.
17:26 of 3rd period - Deflect By Thomas Vanek.
17:26 of 3rd period - Shot Misses the Net.
17:28 of 3rd period - Shot by Matt Duchene.
17:28 of 3rd period - Stopped by Tuukka Rask without a rebound.
17:29 of 3rd period - Brad Boyes wins face-off versus Mike Fisher in Bruins zone.
17:31 of 3rd period - Icing by Patrice Bergeron.
17:32 of 3rd period - Brad Boyes wins face-off versus Dan Cleary in Bruins zone.
17:37 of 3rd period - Shot by Patrice Bergeron.
17:37 of 3rd period - Shot Blocked by Dan Girardi.
17:47 of 3rd period - Shot by Matt Duchene.
17:47 of 3rd period - Shot Blocked by Dennis Seidenberg.
17:53 of 3rd period - Shot by Dan Cleary.
17:53 of 3rd period - Deflect By Thomas Vanek.
17:53 of 3rd period - Stopped by Tuukka Rask without a rebound.
17:54 of 3rd period - David Krejci wins face-off versus Mike Fisher in Bruins zone.
18:03 of 3rd period - Shot by Joel Ward.
18:03 of 3rd period - Stopped by Tuukka Rask without a rebound.
18:04 of 3rd period - David Krejci wins face-off versus Matt Duchene in Bruins zone.
18:06 of 3rd period - Icing by Zdeno Chara.
18:07 of 3rd period - Matt Duchene wins face-off versus David Krejci in Bruins zone.
18:10 of 3rd period - Shot by Thomas Vanek.
18:10 of 3rd period - Deflect By Matt Duchene.
18:10 of 3rd period - Shot Misses the Net.
18:23 of 3rd period - Off-side.
18:24 of 3rd period - Patrice Bergeron wins face-off versus Mike Fisher in neutral zone.
18:26 of 3rd period - Brad Boyes is hit by Mike Fisher and loses puck.
18:28 of 3rd period - Minor Penalty to Evander Kane for Hooking.
18:29 of 3rd period - David Krejci wins face-off versus Mike Fisher in Sabres zone.
18:50 of 3rd period - Shot by Torey Krug.
18:50 of 3rd period - Shot Misses the Net.
19:06 of 3rd period - Bruins, Tuukka Rask is pulled from the net.
19:40 of 3rd period - Shot by Logan Couture.
19:40 of 3rd period - Stopped by Ondrej Pavelec with a rebound.
19:42 of 3rd period - Shot by Milan Lucic.
19:42 of 3rd period - Stopped by Ondrej Pavelec with a rebound.
19:44 of 3rd period - Shot by Patrice Bergeron.
19:44 of 3rd period - Stopped by Ondrej Pavelec without a rebound.
19:45 of 3rd period - Mike Fisher wins face-off versus Patrice Bergeron in Sabres zone.
19:45 of 3rd period - Mike Fisher is hit by Milan Lucic.
Goals for this period are 2 for Sabres vs 1 for Bruins.
Shots for this period are 12 for Sabres vs 11 for Bruins.


Output by the SimonT Hockey Simulator (STHS) for Stephane Roy -- Original Page W3C XHTML 1.0 Valid
Hockey Simulator - Hockey Simulation - Hockey Manager